Cogmind - Beta 16.1 --- EXPLORER MODE // 2026.02.13 @ 16:53:18 Player: DnP Result: Self-destructed Performance ------------- Evolutions (1) 500 Regions Visited (2) 400 Robots Destroyed (26) 130 Value Destroyed (731) 731 Prototype IDs (0) 0 Alien Tech Used (0) 0 Bonus (0) 0 TOTAL SCORE: 1761 Bonus ------- None Cogmind --------- Core Integrity 324/400 Matter 400/400 Energy 265/265 System Corruption 1% Temperature Cool (0) Movement Walking (120) Location -9/Materials Parts ------- > --- POWER (1) -------- Improved Ion Engine > --- PROPULSION (3) --- Aluminum Leg Aluminum Leg Aluminum Leg > --- UTILITY (4) ------ Medium Storage Unit Medium Matter Pod Targeting Computer Targeting Computer > --- WEAPON (2) ------- Heavy Assault Rifle Heavy Assault Rifle > --- INVENTORY (10) --- Ion Engine Aluminum Leg Aluminum Leg Aluminum Leg Aluminum Leg Heat Sink Light Assault Rifle Improved Assault Rifle Mini Grenade Launcher Plasma Cutter Peak State ------------ > --- POWER ------------ Improved Ion Engine > --- PROPULSION ------- Aluminum Leg Aluminum Leg Aluminum Leg > --- UTILITY ---------- Medium Storage Unit Medium Matter Pod Targeting Computer Targeting Computer > --- WEAPON ----------- Heavy Assault Rifle Heavy Assault Rifle > --- INVENTORY -------- Ion Engine Aluminum Leg Aluminum Leg Heat Sink Assault Rifle Light Assault Rifle Improved Assault Rifle Mining Laser Plasma Cutter [Rating: 14] Favorites ----------- Power Improved Ion Engine Engine Improved Ion Engine Propulsion Aluminum Leg Leg Aluminum Leg Utility Targeting Computer Device Heat Sink Storage Medium Storage Unit Processor Targeting Computer Weapon Heavy Assault Rifle Ballistic Gun Heavy Assault Rifle Build | -11 -10 -9 ------- Run | Yrd Mat Mat Slots Evolved 3 | . 1 2 Power . | . . . Propulsion 1 | . 1 . Utility 2 | . . 2 Weapon . | . . . Parts Attached 17 | 7 1 9 Power 2 | 1 . 1 Engine 2 | 1 . 1 Core . | . . . Reactor . | . . . Propulsion 6 | 2 1 3 Treads . | . . . Leg 6 | 2 1 3 Wheel . | . . . Hover . | . . . Flight . | . . . Utility 5 | 2 . 3 Device 1 | . . 1 Storage 2 | 1 . 1 Processor 2 | 1 . 1 Hackware . | . . . Protection . | . . . Artifact . | . . . Weapon 4 | 2 . 2 Energy Gun . | . . . Energy Cannon . | . . . Ballistic Gun 4 | 2 . 2 Ballistic Cannon . | . . . Launcher . | . . . Special Weapon . | . . . Impact Weapon . | . . . Slashing Weapon . | . . . Piercing Weapon . | . . . Special Melee Weapon . | . . . Unidentified Prototypes . | . . . Parts Lost . | . . . Power . | . . . Propulsion . | . . . Utility . | . . . Weapon . | . . . Highest Loss Streak . | . . . To Critical Strikes . | . . . Average Backups 4 | . . 5 Power . | . . . Propulsion 1 | . . 1 Utility . | . . . Weapon 1 | . . 1 Tool/Special . | . . . Unused Backups 5 | . . 5 Power . | . . . Propulsion 1 | . . 1 Utility . | . . . Weapon 3 | . . 3 Tool/Special 1 | . . 1 Average Slot Usage (%) 96 | . 93 97 Engine 10 | . 12 10 Leg 29 | . 30 29 Storage 15 | . 12 16 Processor 18 | . 12 20 Ballistic Gun 20 | . 25 20 Peak Build Rating 14 | 7 8 14 Average Rating 11 | 5 7 12 On Entrance 5 | . 7 8 Avg Prop Armor Cover (%) . | . . . Naked Turns . | . . . Heaviest Build 25 | 18 18 25 Greatest Support 30 | 20 30 30 Greatest Overweight (x) . | . . . Average Overweight (x) . | . . . Largest Inventory Capacity 10 | 10 10 10 Average Capacity 9 | 7 10 10 Most Carried 10 | . 1 10 Average Carried 4 | . . 5 Final Capacity 10 | 10 10 10 Final Carried 10 | . 1 10 Class Distribution -------------------- 67% | Hacker-Mutant 32% | Scavenger-Mutant Dominant Class ---------------- Hacker-Mutant | -10/Materials Hacker-Mutant | -9/Materials Resources | -11 -10 -9 ----------- Run | Yrd Mat Mat Matter Collected 946 | 172 218 556 Remotely . | . . . Salvage Created 999 | . 188 811 Parts 58 | . 7 51 Haulers Intercepted . | . . . Recyclers Shooed 3 | . 1 2 Parts Field Recycled . | . . . Retrieved Matter . | . . . Parts Self-Destructed . | . . . Prevented . | . . . Parts Restored . | . . . Kills | -11 -10 -9 ------- Run | Yrd Mat Mat Combat Hostiles Destroyed 21 | . 6 15 Guns 21 | . 6 15 Classes Destroyed 7 | . 2 5 Worker 1 | . . 1 Tunneler 1 | . . 1 Recycler 1 | . . 1 Watcher 2 | . . 2 Swarmer 5 | . 2 3 Grunt 11 | . 4 7 Sentry 5 | . . 5 Best Kill Streak 5 | . 3 5 Combat Bots Only 3 | . 3 3 Max Kills in Single Turn 2 | . 2 2 Gunslinging 1 | . 1 1 Exploded . | . . . Melee . | . . . Uniques/NPCs Destroyed . | . . . Combat | -11 -10 -9 -------- Run | Yrd Mat Mat Hostile Shots Fired 131 | . 36 95 Missed 34 | . 9 25 Hits 97 | . 27 70 Projectile 97 | . 27 70 Damage Taken 727 | . 182 545 Core 102 | . 26 76 Absorbed by Shields . | . . . Ignored by Resistances 466 | . 118 348 Regen/Repaired (Parts) 76 | . . 76 Core Remaining (%) 94 | 100 89 . Volleys Fired 86 | . 30 56 Largest 2 | . 2 2 Hottest 46 | . 40 46 Shots Fired 172 | . 60 112 Gun 172 | . 60 112 Cannon . | . . . Launcher . | . . . Special . | . . . Kinetic 172 | . 60 112 Thermal . | . . . Explosive . | . . . Electromagnetic . | . . . Robot Hit Streak 30 | . 16 30 Robot Miss Streak 1 | . 1 1 Penetration Max . | . . . Secondary Targets 5 | . 2 3 Max Gunslinging Chain 1 | . 1 1 Shots Hit Robots 147 | . 52 95 Core Hits 45 | . 14 31 Critical Kills . | . . . Critical Parts Destroyed 2 | . 1 1 Critical Strikes 2 | . 1 1 Destroy 2 | . 1 1 Melee Attacks . | . . . Impact . | . . . Slashing . | . . . Piercing . | . . . Sneak Attacks . | . . . Combat Hostiles . | . . . Follow-up Attacks . | . . . Damage Inflicted 1889 | . 560 1329 Guns 1889 | . 560 1329 Cannons . | . . . Explosions . | . . . Melee . | . . . Ramming . | . . . Kinetic 1889 | . 560 1329 Thermal . | . . . Explosive . | . . . Electromagnetic . | . . . Impact . | . . . Slashing . | . . . Piercing . | . . . Highest Corruption 1 | . . 1 Average Corruption 1 | . . 1 Corruption Purged . | . . . Corruption Blocked . | . . . Overload Shots . | . . . Overflow Damage . | . . . Projectiles . | . . . Explosions . | . . . Melee . | . . . Knockbacks . | . . . Impact . | . . . Kinetic . | . . . Secondary . | . . . Self-Inflicted Damage . | . . . Shots . | . . . Rammed . | . . . Targets Rammed . | . . . Kicked . | . . . Crushed . | . . . Highest Temperature 12 | . 12 8 Average Temperature 5 | . 7 1 Received Heat Transfer 408 | . 138 270 Siege Activations . | . . . Martial Activations . | . . . Shielding Activations . | . . . Robots Disrupted . | . . . Combat Hostiles . | . . . Robots Corrupted . | . . . Combat Hostiles . | . . . Parts Fried . | . . . Impact Corruptions . | . . . Robots Melted . | . . . Combat Hostiles . | . . . Parts Melted . | . . . Heat Transferred . | . . . Parts Sabotaged . | . . . Parts Stolen . | . . . Parts Stripped . | . . . Power Chain Reactions . | . . . Alert | -11 -10 -9 ------- Run | Yrd Mat Mat Maximum Alert Level . | . . . Low Security (%) 100 | 100 100 100 Level 1 . | . . . Level 2 . | . . . Level 3 . | . . . Level 4 . | . . . Level 5 . | . . . High Security . | . . . Max Security . | . . . Peak Influence 100 | . 100 90 Initial 6 | . . 6 Average 21 | . 52 14 Influence Increases 615 | . 170 445 Destroy 0b10 Robot/C 420 | . 120 300 Destroy 0b10 Robot/NC 25 | . . 25 Destroy Leader 104 | . 20 84 Disable Machine 4 | . . 4 Destroy Structure 2 | . . 2 Lose Combat Pursuer 60 | . 30 30 Influence Decreases 584 | . 150 434 Entered New Map 14 | . . 14 Time Decay 570 | . 150 420 Squads Dispatched 1 | . . 1 Investigation . | . . . Extermination . | . . . Reinforcement 1 | . . 1 Assault . | . . . Garrison . | . . . Intercept . | . . . Searches Triggered . | . . . Construction Impeded . | . . . Haulers Reinforced . | . . . Active Scanning Responses . | . . . Cargo Convoy Interrupts . | . . . Stealth | -11 -10 -9 --------- Run | Yrd Mat Mat Distress Signals 2 | . 1 1 Communications Jammed . | . . . Distress Signals . | . . . Times Spotted 37 | . 12 25 Peak Tracking Total 7 | . 7 5 Tactical Retreats 3 | . 2 1 Traps | -11 -10 -9 ------- Run | Yrd Mat Mat Traps Triggered 1 | . . 1 Indirectly . | . . . Trap Hack Attempts . | . . . Triggered . | . . . Disarmed . | . . . Reprogrammed . | . . . Reused . | . . . Traps Extracted . | . . . Installed . | . . . Triggered . | . . . Machines | -11 -10 -9 ---------- Run | Yrd Mat Mat Machines Disabled 1 | . . 1 Max in Single Turn 1 | . . 1 Machines Repaired . | . . . Machines Dismantled . | . . . Machines Sabotaged . | . . . Overloaded Fab Kills . | . . . Hacking | -11 -10 -9 --------- Run | Yrd Mat Mat Machines Accessed 2 | . . 2 Terminals 1 | . . 1 Fabricators . | . . . Repair Stations 1 | . . 1 Recycling Units . | . . . Scanalyzers . | . . . Garrison Access . | . . . Total Hacks 8 | . . 8 Successful 8 | . . 8 Failed . | . . . Catastrophic . | . . . Database Lockouts . | . . . Manual 2 | . . 2 Terminals 3 | . . 3 Fabricators . | . . . Repair Stations 5 | . . 5 Recycling Units . | . . . Scanalyzers . | . . . Garrison Access . | . . . Terminal Hacks 3 | . . 3 Alert Level 1 | . . 1 Locate Traps 1 | . . 1 Zone Layout 1 | . . 1 Fabricator Hacks . | . . . Repair Station Hacks 5 | . . 5 Scan Component 3 | . . 3 Repair 2 | . . 2 Recycling Unit Hacks . | . . . Scanalyzer . | . . . Garrison Access Hacks . | . . . Unauthorized Hacks . | . . . Terminals . | . . . Fabricators . | . . . Repair Stations . | . . . Recycling Units . | . . . Scanalyzers . | . . . Garrison Access . | . . . Data Cores Recovered . | . . . Used . | . . . Hacking Detections 2 | . . 2 Full Trace Events 1 | . . 1 Feedback Events . | . . . Feedback Blocked . | . . . Robot Schematics Acquired . | . . . Robots Built . | . . . Authchips . | . . . Time . | . . . Total Robot Build Rating . | . . . Part Schematics Acquired . | . . . Parts Built . | . . . Authchips . | . . . Time . | . . . Total Part Build Rating . | . . . Part Studies Acquired . | . . . Parts Repaired 2 | . . 2 Time 52 | . . 52 Parts Recycled . | . . . Recycled Matter . | . . . Retrieved Matter . | . . . Retrieved Components . | . . . Parts Scanalyzed . | . . . Part Schematics Acquired . | . . . Parts Damaged . | . . . Bothacking | -11 -10 -9 ------------ Run | Yrd Mat Mat Used RIF Installer . | . . . Robots Hacked . | . . . Non-combat . | . . . Combat . | . . . Robot Hacks Applied . | . . . Relay Couplers Released . | . . . Fabnet Peak Effective % . | . . . Robots Rewired . | . . . Allies Hacked . | . . . Hacks Repelled . | . . . Allies | -11 -10 -9 -------- Run | Yrd Mat Mat Total Allies . | . . . Largest Group . | . . . Highest-Rated Group . | . . . Highest-Rated Ally . | . . . Total Orders . | . . . Ally Attacks . | . . . Total Damage . | . . . Kills . | . . . Allies Corrupted . | . . . Allies Melted . | . . . Intel | -11 -10 -9 ------- Run | Yrd Mat Mat Active Infowar (turns) . | . . . Robot Analysis Total . | . . . Derelict Logs Recovered . | . . . Drone Launches . | . . . Drone Recoveries . | . . . Exploration | -11 -10 -9 ------------- Run | Yrd Mat Mat Turns Passed 1457 | 54 263 1140 Spaces Moved 833 | 38 127 668 Core 4 | 4 . . Treads . | . . . Legs 829 | 34 127 668 Wheels . | . . . Hover . | . . . Flight . | . . . Fastest Speed 50 | 50 120 120 Average Speed 119 | 112 120 120 Slowest Speed 120 | 120 120 120 Overloaded Moves . | . . . Propulsion Burnouts . | . . . Robots Hopped . | . . . Potential Cave-ins . | . . . Cave-ins Triggered . | . . . Exploration Rate (%) 28 | 3 39 44 Regions Visited 2 Branch Regions . Pre-discovered Areas . | . . . Known Exits Taken 2 | 1 1 . Unknown Exits Taken . | . . . Scrap Searched . | . . . Spaces Dug . | . . . Terrain Destroyed . | . . . Melee . | . . . Projectile . | . . . AOE . | . . . Terrain Rammed . | . . . Walls Destroyed . | . . . Machines Disabled . | . . . Actions | -11 -10 -9 --------- Run | Yrd Mat Mat Total 1119 | 45 183 891 Wait 170 | . 25 145 Move 832 | 38 126 668 Hop . | . . . Pick Up 7 | . 1 6 Fast Attach 12 | 7 1 4 Attach 1 | . . 1 Detach 1 | . . 1 Swap 7 | . . 7 Drop 3 | . . 3 Fire 86 | . 30 56 Melee . | . . . Ram . | . . . Kick . | . . . Crush . | . . . Escape Stasis . | . . . Rewire . | . . . Trap . | . . . Miscellaneous . | . . . Route ------- -11/Scrapyard -10/Materials -9/Materials (discovered 2 exits: Mat / *Min) History --------- Turn | Location | Event 3 | -11/Scrapyard | Identified exit to Materials 3 | -11/Scrapyard | Discovered exit to Materials (range 16) 55 | -11/Scrapyard | Entered Materials 55 | -10/Materials | Evolved 1 slot: Propulsion x1 307 | -10/Materials | Identified exit to Materials 307 | -10/Materials | Discovered exit to Materials (range 3) 318 | -10/Materials | Build established: Hacker-Mutant 318 | -10/Materials | Entered another Materials area 318 | -9/Materials | Evolved 2 slots: Utility x2 363 | -9/Materials | Repaired Aluminum Leg 399 | -9/Materials | Repaired Aluminum Leg 680 | -9/Materials | Identified exit to Mines 680 | -9/Materials | Discovered exit to Mines (range 11) 815 | -9/Materials | Identified exit to Materials 815 | -9/Materials | Discovered exit to Materials (range 7) 1349 | -9/Materials | Build established: Scavenger-Mutant 1458 | -9/Materials | Self-destructed Last Messages --------------- 01225_ S-10 Pest destroyed. 01231_ Acquired 18 matter. 01233_ R-06 Scavenger collects Flight Unit. 01233_ Acquired 6 matter. 01236_ R-06 Scavenger collects Lgt. Assault Rifle. 01239_ R-06 Scavenger collects Lgt. Ion Engine. 01261_ G-47 Trooper destroyed. 01261_ Switching to secondary target: G-34 Mercenary. 01272_ G-34 Mercenary destroyed. 01286_ Acquired 36 matter. 01287_ R-06 Scavenger collects Aluminum Leg. 01291_ R-06 Scavenger collects Particle Gun. 01292_ K-01 Serf collects debris. 01399_ Dropped Mining Laser. 01400_ Acquired Mni. Grenade Launcher. 01423_ Y-45 Defender destroyed. 01429_ Acquired 42 matter. 01448_ Triggered EMP Trap. 01448_ A bubble of electromagnetic force engulfs the area. 01448_ Door malfunctions. Map ----- +----------------------------------------------------+ | ?#[[!!!!#??????????# ##### #?????????????? | | ?#[[!!!!#??????????# #?????????????? | | ?########??????????# " #?????????????? | | ???????????????????# #?????????????? | | ???????????????????# ##### #?????????????? | | ???????????????????### ###???## ##?????????????? | | ?????????????????????# #??????# ########???????? | | ????????????????????? #??????# # #???????? | | ???????????????????? ######?# # #???????? | | ??????????????????? # ?# #| !! #???????? | | ???????????????# """ + """ # # ! #???????? | | ???????????????# """ # """ # [#! ] #???????? | | ???????????????? """ # """ + !!"% #???????? | | ???????????????? # # =!##############?? | | ????????????????? # # =%## ? | | ????????????????? """ ######## ? | | ???????????????# """ #???????? | | ???????????????# """ #### #???????? | | ???????????????# ######+## #???????? | | ?????????????+ / #?# ##???????? | | ?????????????????##+#### ## = #?? #????????? | | ???????????????????????# ## #??? #????????? | | ???????????????????????+ ## ! #??? #????????? | | ???????????????????????# ## #???? #????????? | | ???????????????????????# ## #????? ????????? | | ???????????????????????+ @#########?????? ???????? | | ???????????????????????##/#???????????????#??????? | | ???????????????????????? ??????????????????????? | | ???????????????????????? " ??????????????????????? | | ???????????????????????# T !?????????????????????? | | ???????????????????????# " ?????????????????????? | | ???????????????????????# | ????????????????????? | | ???????????????????????# Y ????????????????????? | | ????????????????????????## ###???????????????????? | | ??????????????????????????#??????????????????????? | | | | | | | | | | | | | | | | | | | | | | | | | | | | | | | +----------------------------------------------------+ Best States ------------- Heat Dissipation 38 Energy Generation 12 Energy Capacity 265 Matter Stores 400 Matter Capacity 400 Sight Range 16 Terrain Scan Density 10 Resistance: KI 35 Resistance: TH 35 Resistance: EX 35 Resistance: EM 35 Resistance: I 35 Resistance: S 35 Resistance: P 35 Evasion (%) 55 Targeting Accuracy 10 Offensive Hacking 20 Item Schematics ----------------- None Robot Schematics ------------------ None Fabricated ------------ Nothing Repaired ---------- Aluminum Leg | 54% | -9/Materials Aluminum Leg | 61% | -9/Materials Studied --------- None Alien Tech Used ----------------- None Achievements -------------- None Challenges ------------ None Game ------ Seed DnP Manual? 1 Play Time 00:25:21 Cumulative 30.5 hours Start 2026.02.12 @ 14:55:40 End 2026.02.13 @ 16:53:18 Sessions 2 Manual Loads 0 Difficulty Explorer Special Mode None Game No. 85 Rogue 10 Adventurer 56 Explorer 19 Win Type - Total 0 Types 0/0/0/0/0/0/0/0/0/0 Lore% 18 Gallery% 30 Achievement% 17 Wizard Run 0 Options --------- Layout 1 ASCII 0 Keyboard 0 Movement Mouse Keybinds 0 Fullscreen 2 Font 20/SmallcapsGlow Map View 64x42 Zoom Use 0% Tactical HUD 1 Map Filters NONE Filters NONE Steam 1 RUN: a06dfba5-b62e-4e89-9a04-8cd2f18b01d5